 Dungeon Crawl Stone Soup version 0.31-a0-343-g456c268693 (webtiles) character file.

Game seed: 5578596187678321322

743 lappor the Chiller (level 8, 0/44 (52) HPs)
             Began as a Human Ice Elementalist on July 21, 2023.
             Slain by a gnoll
             ... wielding a +0 spear
             ... led by a gnoll bouda
              (3 damage)
             ... on level 7 of the Dungeon.
             The game lasted 00:27:57 (6707 turns).

lappor the Chiller (Human Ice Elementalist)         Turns: 6707, Time: 00:27:58

HP:   0/44 (52)     AC:  4    Str: 11    XL:     8   Next: 5%
MP:   8/15          EV:  7    Int: 16    God:
Gold: 313           SH:  0    Dex: 13    Spells: 9/16 levels left

rFire   . . .        p - +0 mace (flame)
rCold   . . .        (no shield)
rNeg    . . .        a - +1 robe
rPois   .            (no helmet)
rElec   .            (no cloak)
rCorr   .            (no gloves)
SInv    .            i - +0 pair of boots
Will    .....        v - amulet of regeneration
Stlth   ++           (no ring)
HPRegen 1.07/turn    (no ring)
MPRegen 0.14/turn

%: no passive effects
@: held, heavily drained
A: no striking features
a: no special abilities


You were on level 7 of the Dungeon.
You visited 1 branch of the dungeon, and saw 7 of its levels.

You collected 313 gold pieces.

Inventory:

Hand Weapons
 j - a +0 dagger
 k - a +0 club
 p - a +0 mace of flaming (weapon)
Missiles
 l - 12 boomerangs
 u - 5 atropa-tipped darts
Armour
 a - a +1 robe (worn)
 i - a +0 pair of boots (worn)
Jewellery
 c - a +6 ring of strength
 n - a ring of fire
 v - an amulet of regeneration (around neck)
Wands
 f - a wand of charming (10)
 r - a wand of roots (10)
 s - a wand of quicksilver (8)
Scrolls
 t - a scroll of blinking
Potions
 b - a potion of magic
 d - a potion of might {unknown}
 e - a potion of enlightenment {unknown}
 g - 2 potions of berserk rage
 h - 4 potions of curing
 m - 2 potions of heal wounds {unknown}
 o - 2 potions of mutation {unknown}
 q - a potion of experience {unknown}


   Skills:
 * Level 2.2 Maces & Flails
 * Level 3.3 Dodging
 * Level 3.3 Stealth
 * Level 4.7 Spellcasting
 * Level 0.6 Summonings
 * Level 6.3 Ice Magic


You had 9 spell levels left.
You knew the following spells:

 Your Spells              Type           Power      Damage    Failure   Level
a - Freeze                Ice            96%        1d10      1%          1
b - Frozen Ramparts       Ice            48%        1d8       3%          3
c - Ozocubu's Armour      Ice            24%        N/A       3%          3

Your spell library contained the following spells:

 Spells                   Type           Power      Damage    Failure   Level
 Sandblast                Erth           6%         2d5       16%         1
 Passwall                 Tmut/Erth      2%         N/A       24%         2
 Summon Ice Beast         Ice/Summ       14%        N/A       36%         4
 Portal Projectile        Hex/Tloc       6%         N/A       43%         3
 Stone Arrow              Conj/Erth      6%         3d7       43%         3
 Tukima's Dance           Hex            3%         N/A       43%         3
 Iskenderun's Mystic Bla  Conj/Tloc      3%         2d3       83%         4


Dungeon Overview and Level Annotations

Branches:
Dungeon (7/15)
 Temple: D:4-7

Altars:
Qazlal
Xom
The Shining One

Shops:
D:3 :

Annotations:
D:4 3 runed translucent doors, AdnanSaban's ghost, amateur GrFi; Olga's ghost, amateur MeFi; andwaal's ghost, amateur DsIE; paps's ghost, amateur MfSh
D:6 Sigmund


Message History

You become entangled in the net!
You see here a throwing net.
You struggle against the net.
The gnoll hits you with a +1 flail of draining!
You feel drained.
Aiming: Freeze (safe; 1% risk of failure)
Press: ? - help, Q - select action, (/) - cycle Shift-Dir - straight line, f - gnoll
Aim: a gnoll, wielding a +1 flail of draining (covering ground quickly)
You freeze the gnoll.
The gnoll is moderately wounded.
The gnoll hits you with a +1 flail of draining.
You feel drained.
Aiming: Freeze (safe; 1% risk of failure)
Press: ? - help, Q - select action, (/) - cycle Shift-Dir - straight line, f/p - gnoll
Aim: a gnoll, wielding a +1 flail of draining (moderately wounded, covering ground quickly)
You freeze the gnoll.
The gnoll is heavily wounded.
The gnoll hits you with a +1 flail of draining.
You feel drained.
The gnoll hits you from afar with a +0 spear.
Aiming: Freeze (safe; 1% risk of failure)
Press: ? - help, Q - select action, (/) - cycle Shift-Dir - straight line, f/p - gnoll
Aim: a gnoll, wielding a +1 flail of draining (heavily wounded, covering ground quickly)
You freeze the gnoll.
The gnoll is severely wounded.
The gnoll hits you with a +1 flail of draining!
You feel drained.
The gnoll hits you from afar with a +0 spear.
Aiming: Freeze (safe; 1% risk of failure)
Press: ? - help, Q - select action, (/) - cycle Shift-Dir - straight line, f/p - gnoll
Aim: a gnoll, wielding a +1 flail of draining (severely wounded, covering ground quickly)
You freeze the gnoll.
The gnoll is almost dead.
Your attacks no longer feel as feeble.
The gnoll hits you with a +1 flail of draining!
* * * LOW HITPOINT WARNING * * *
You feel drained.
* * * LOW HITPOINT WARNING * * *
The gnoll hits you from afar with a +0 spear.
You die...

##...# ... .... #.# #...
#.# #..# #.# #..#######.#
.###....<.....#
.....[.........##
######.~~≈~≈~~..########.
#.~#####~..@ggg..... #.~#
#~.########## #.~# #~.#
#.≈# #~.# #.~# #~.. #.~
~~..# ..... ##...#


You could see 3 gnolls.

Vanquished Creatures
  A black bear (D:6)
  2 phantoms (D:5)
  A bullfrog (D:5)
  A scorpion (D:6)
  A hound (D:5)
  A jelly (D:4)
  A gnoll bouda (D:7)
  Jessica (D:3)
  2 iguanas (D:5)
  An orc wizard (D:5)
  11 adders
  5 dart slugs
  11 orcs
  5 bats
  4 endoplasms
  2 giant cockroaches
  2 goblins (D:3)
  6 hobgoblins
  2 quokkas
  5 ball pythons
  2 frilled lizards
  6 kobolds
  5 rats
78 creatures vanquished.

Notes
Turn   | Place    | Note
-------+----------+-------------------------------------------
     0 | D:1      | lappor the Human Ice Elementalist began the quest for the
                  | Orb.
     0 | D:1      | Reached XP level 1. HP: 13/13 MP: 3/3
   482 | D:1      | Reached XP level 2. HP: 17/19 MP: 0/5
  1220 | D:2      | Reached XP level 3. HP: 20/24 MP: 2/6
  1602 | D:2      | Found a faded altar of an unknown god.
  1698 | D:2      | Reached XP level 4. HP: 30/30 MP: 5/7
  2171 | D:3      | Learned a level 3 spell: Frozen Ramparts
  2473 | D:3      | Found Feadeh's Book Shop.
  2510 | D:3      | Found a shadowy altar of Dithmenos.
  2513 | D:3      | Found a shimmering altar of Xom.
  2513 | D:3      | Found a blossoming altar of Fedhas.
  2515 | D:3      | Found a broken altar of Ashenzari.
  2515 | D:3      | Found a stormy altar of Qazlal.
  2515 | D:3      | Found a hide-covered altar of Uskayaw.
  2621 | D:3      | Reached skill level 5 in Ice Magic
  2696 | D:3      | Reached XP level 5. HP: 35/35 MP: 9/9
  2750 | D:3      | Noticed Jessica
  2761 | D:3      | Killed Jessica
  3465 | D:4      | Found a runed translucent gate.
  3466 | D:4      | Found a runed translucent gate.
  3466 | D:4      | Found a runed translucent gate.
  3547 | D:4      | Reached XP level 6. HP: 14/41 MP: 7/11
  4320 | D:4      | Noticed andwaal's ghost (amateur DsIE)
  4321 | D:4      | Noticed paps's ghost (amateur MfSh)
  4321 | D:4      | Noticed Olga's ghost (amateur MeFi)
  4321 | D:4      | Noticed AdnanSaban's ghost (amateur GrFi)
  4646 | D:5      | Entered Level 5 of the Dungeon
  4853 | D:5      | Reached skill level 1 in Maces & Flails
  5023 | D:5      | Reached XP level 7. HP: 9/46 MP: 10/13
  5770 | D:5      | Identified the +7 plate armour of Hairiness {Will- Slay+5}
  6247 | D:6      | Noticed Sigmund
  6265 | D:5      | Reached skill level 6 in Ice Magic
  6377 | D:6      | Found a glowing golden altar of the Shining One.
  6437 | D:5      | Learned a level 3 spell: Ozocubu's Armour
  6525 | D:6      | Noticed a two-headed ogre
  6622 | D:6      | Reached XP level 8. HP: 39/52 MP: 6/15
  6707 | D:7      | Slain by a gnoll

Illustrated notes

Levels and vault maps discovered:
D:1:      saegor_arrival_under_anarchy, layout_basic
D:2:      layout_basic, dreamdust_ecumenical_altar_angels_and_demons,
          minmay_hexomino_p4
D:3:      layout_basic, doesnt_xom_only_xom, serial_shops, shop,
          minmay_checkerbox, uniq_jessica
D:4:      layout_layer_cave, gammafunk_ghost_cemetery, minmay_curled_crystal,
          serial_bayou_lake_a
D:5:      layout_basic
D:6:      layout_cave_pools, mainiacjoe_overflow_alcove_4,
          amcnicky_altar_gilded, mainiacjoe_overflow_tiny_flanked,
          minmay_temple_entry_large_hall, kennysheep_cluttered_room,
          uniq_sigmund
D:7:      layout_loops_ring, overflow_temple_1_default, enter_bailey_3

Skill      XL: |  1  2  3  4  5  6  7 |
---------------+----------------------+-----
Ice Magic      | 5 6 |  6.3
Spellcasting   | 3 4 |  4.7
Maces & Flails | 1 2 |  2.2
Dodging        | 3 |  3.3
Stealth        | 3 |  3.3
Summonings     | |  0.6

Action                     |  1- 3 |  4- 6 |  7- 9 || total
---------------------------+-------+-------+-------++-------
  Melee: Club              |    11 |       |       ||    11
         Unarmed           |     4 |       |       ||     4
         Mace              |       |    72 |       ||    72
         Punch             |       |     2 |       ||     2
   Cast: Freeze            |    38 |    75 |    39 ||   152
    Use: Scroll            |     2 |    11 |       ||    13
   Stab: Sleeping          |       |     1 |       ||     1
 Armour: Robe              |     2 |    27 |     8 ||    37
  Dodge: Dodged            |    28 |    97 |    20 ||   145

Table legend: (Time is in decaauts)
 A = Elapsed time spent in this place.
 B = Non-inter-level travel time spent in this place.
 C = Inter-level travel time spent in this place.
 D = Time resting spent in this place.
 E = Time spent auto-exploring this place.
 F = Levels seen in this place.
 G = Mean time per level.
                   A        B        C        D        E       F      G
               +--------+--------+--------+--------+--------+-----+--------+
         Total |   6753 |   5740 |   1013 |    510 |   3675 |   7 |  964.7 |
       Dungeon |   6753 |   5740 |   1013 |    510 |   3675 |   7 |  964.7 |
               +--------+--------+--------+--------+--------+-----+--------+

Top non-repeatable levels by time:
     D:4: 1601 daAuts
     D:5: 1465 daAuts
     D:2: 1241 daAuts
     D:1: 1118 daAuts
     D:3: 999 daAuts
     D:6: 300 daAuts
     D:7: 25 daAuts
